 Dungeon Crawl Stone Soup version 0.17-a0-1778-gd369669 (webtiles) character file.

723 LordVetinari the Firebug (level 7, -1/36 HPs)
             Began as a Deep Elf Fire Elementalist on Sept 8, 2015.
             Was an Initiate of Vehumet.
             Killed by divine providence
             ... invoked by an orc priest
              (14 damage)
             ... on level 6 of the Dungeon.
             The game lasted 00:27:18 (5654 turns).

LordVetinari the Firebug (DEFE)                     Turns: 5654, Time: 00:27:23

Health: -1/36      AC:  4    Str:  5    XL:     7   Next: 43%
Magic:  4/17       EV: 15    Int: 22    God:    Vehumet [......]
Gold:   278        SH:  0    Dex: 15    Spells: 4 memorised, 4 levels left

rFire  . . .     SeeInvis .     f - +1 spear
rCold  . . .     Clarity  .     a - +0 robe
rNeg   . . .     SustAt   .     (no shield)
rPois  +         Gourm    .     i - +0 helmet
rElec  .         Spirit   .     (no cloak)
rCorr  .         Warding  .     s - +0 pair of gloves
rMut   .         Stasis   .     (no boots)
MR     +....                    (no amulet)
Stlth  ++........               q - ring of poison resistance
                                u - ring of protection from magic

@: somewhat resistant to hostile enchantments, unstealthy
A: no striking features
a: Renounce Religion


You were on level 6 of the Dungeon.
You worshipped Vehumet.
Vehumet was noncommittal.
You were hungry.

You visited 2 branches of the dungeon, and saw 7 of its levels.

You collected 278 gold pieces.

Inventory:

Hand weapons
 e - a +0 dagger
 f - a +1 spear (weapon)
Armour
 a - a +0 robe (worn)
 i - a +0 helmet (worn)
 s - a +0 pair of gloves (worn)
Jewellery
 q - a ring of poison resistance (right hand)
 u - a ring of protection from magic (left hand)
Magical devices
 g - a wand of confusion (48)
Scrolls
 d - 2 scrolls of identify
 h - a scroll of amnesia
 j - 6 scrolls of remove curse
 m - a scroll of immolation
 n - a scroll of recharging
 o - a scroll of magic mapping {unknown}
 r - a scroll of blinking
Books
 b - a book of Flames

   Spells                             Type                      Level
   a - Flame Tongue                   Conjuration/Fire             1
   b - Throw Flame                    Conjuration/Fire             2
   c - Conjure Flame                  Conjuration/Fire             3
   d - Inner Flame                    Hexes/Fire                   3
   e - Sticky Flame                   Conjuration/Fire             4
   f - Fireball                       Conjuration/Fire             5
Comestibles
 c - 2 bread rations
 k - a meat ration


   Skills:
 - Level 0.1 Fighting
 + Level 4.9 Dodging
 - Level 2.7 Stealth
 + Level 5.6 Spellcasting
 + Level 4.1 Conjurations
 * Level 6.4 Fire Magic


You had 4 spell levels left.
You knew the following spells:

 Your Spells              Type           Power        Failure   Level  Hunger
a - Flame Tongue          Conj/Fire      ####.        1%          1    None
b - Conjure Flame         Conj/Fire      ####....     3%          3    ##.....
c - Sticky Flame          Conj/Fire      ####....     12%         4    ####...
d - Fireball              Conj/Fire      ####......   34%         5    #####..


Dungeon Overview and Level Annotations

Branches:
Dungeon (6/15)             Temple (1/1) D:4

Altars:
Ashenzari
Cheibriados
Dithmenos
Elyvilon
Fedhas
Gozag
Kikubaaqudgha
Makhleb
Nemelex Xobeh
Okawaru
Qazlal
Ru
Sif Muna
Trog
Vehumet
Xom
Yredelemnul
Zin
The Shining One


Message History

Aim: a shadow imp (almost dead)
The sticky flame hits the shadow imp.
You kill the shadow imp!
Vehumet accepts your kill.
The orc wizard shouts!
You are feeling hungry.
An orc comes into view. It is wielding a short sword.
The hound zombie barely misses you.
Casting: Sticky Flame
Confirm with . or Enter, or press ? or * to list all spells.
Aiming: Flame Tongue
Press: ? - help, Shift-Dir - straight line, f - hound zombie
Aim: a hound zombie The flame tongue hits the hound zombie.
You destroy the hound zombie!
Vehumet accepts your kill.
The orc shouts!
The orc priest calls down the wrath of Beogh upon you.
Something smites you!
You die...

.........#..
............
.............#
.............#
#...........##+#
#......o...# #.#
#..........###@#
###.......oo..o..#
+............#####
###...?.......#
.<#.......#...#
......###.###.#
.....## .... ##
.....# 8...8.#
.....#.......#


You could see an orc priest, an orc wizard and an orc.

Vanquished Creatures
  A sky beast (D:4)
  A water moccasin (D:3)
  An ogre (D:4)
  A scorpion (D:5)
  A giant frog skeleton (D:5)
  A hound (D:5)
  An orc wizard (D:5)
  A hound zombie (D:6)
  8 adders
  10 gnolls (D:4)
  A shadow imp (D:6)
  An adder skeleton (D:4)
  2 worms
  5 giant geckos
  12 orcs
  4 ball pythons
  9 goblins
  6 hobgoblins
  A quokka (D:3)
  11 bats
  5 giant cockroaches
  A giant gecko zombie (D:5)
  2 giant newts
  8 jackals
  6 kobolds
  10 rats
  A fungus (D:3)
111 creatures vanquished.

Notes
Turn   | Place    | Note
--------------------------------------------------------------
     0 | D:1      | LordVetinari the Deep Elf Fire Elementalist began the quest for the Orb.
     0 | D:1      | Reached XP level 1. HP: 10/10 MP: 6/6
   419 | D:1      | Reached XP level 2. HP: 15/15 MP: 6/8
  1281 | D:1      | Reached XP level 3. HP: 19/19 MP: 5/9
  1546 | D:2      | Reached skill level 4 in Fire Magic
  1919 | D:3      | Found a glowing golden altar of the Shining One.
  1920 | D:3      | Found a stormy altar of Qazlal.
  2036 | D:3      | Reached XP level 4. HP: 24/24 MP: 7/11
  2369 | D:3      | Noticed a water moccasin
  2379 | D:3      | Killed a water moccasin
  2379 | D:3      | Reached XP level 5. HP: 14/28 MP: 3/13
  2712 | D:3      | Reached skill level 5 in Fire Magic
  3120 | D:3      | Learned a level 3 spell: Conjure Flame
  3127 | D:3      | Learned a level 4 spell: Sticky Flame
  3174 | D:3      | Found a bloodstained altar of Trog.
  3368 | D:4      | Noticed a sky beast
  3368 | D:4      | Reached XP level 6. HP: 27/32 MP: 6/14
  3381 | D:4      | Killed a sky beast
  3599 | D:4      | Learned a level 5 spell: Fireball
  3653 | D:4      | Reached skill level 5 in Spellcasting
  3742 | D:4      | Found a staircase to the Ecumenical Temple.
  3756 | Temple   | Entered the Ecumenical Temple
  4129 | Temple   | Became a worshipper of Vehumet
  4230 | D:4      | Noticed an ogre
  4243 | D:4      | Killed an ogre
  4243 | D:4      | Reached skill level 6 in Fire Magic
  4243 | D:4      | Reached XP level 7. HP: 36/36 MP: 8/16
  4648 | D:4      | Found a shadowy altar of Dithmenos.
  4648 | D:4      | Found a glowing silver altar of Zin.
  4899 | D:5      | Entered Level 5 of the Dungeon
  5407 | D:5      | Found a burning altar of Makhleb.
  5638 | D:6      | Found an opulent altar of Gozag.
  5654 | D:6      | Killed from afar by an orc priest

Vault maps used:
D:1:      lightli_arrival_noodles, minmay_door_square, minmay_surrounded
D:3:      forest_paths, nicolae_overflow_hidden_temple, minmay_gold_behind_fungi
D:4:      minitemple, minmay_temple_entry_purple_smoke, serial_glass,
          glass_columns_b, glass_columns_a, first_bread, kennysheep_cross_room
D:5:      kennysheep_mini_moat
D:6:      lemuel_upstairs_altar, grunt_gozag_statues, uniq_menkaure,
          uniq_sigmund
Temple:   eino_temple_water_12

Action                   |  1- 3 |  4- 6 |  7- 9 || total
-------------------------+-------+-------+-------++-------
Melee: Spear             |    20 |    18 |       ||    38
 Cast: Flame Tongue      |    62 |   116 |    31 ||   209
       Sticky Flame      |       |     2 |     9 ||    11
       Conjure Flame     |       |     1 |       ||     1
  Use: Potion            |       |     2 |     1 ||     3
       Scroll            |       |       |     9 ||     9
  Eat: Chunk             |     1 |     2 |       ||     3
       Pizza             |     1 |     1 |       ||     2
       Meat ration       |       |     1 |       ||     1
       Bread ration      |       |       |     1 ||     1
